 Dungeon Crawl Stone Soup version 0.27-a0-416-gca2cecf3c0 (webtiles) character file.

Game seed: 2157680463098684688

1006 dickylongcocking the Reanimator (level 8, 0/58 (62) HPs)
             Began as a Deep Dwarf Necromancer on Feb 25, 2021.
             Was an Initiate of Makhleb.
             Slain by a wight
             ... wielding a +5 spear
              (3 damage)
             ... on level 7 of the Dungeon.
             The game lasted 00:08:10 (7640 turns).

dickylongcocking the Reanimator (DDNe)              Turns: 7640, Time: 00:08:11

HP:   0/58 (62)     AC:  9    Str: 18    XL:     8   Next: 0%
MP:   16/16         EV: 12    Int: 20    God:    Makhleb [......]
Gold: 457           SH:  0    Dex: 13    Spells: 14/18 levels left

rFire    . . .     SeeInvis .   C - +11 hunting sling "Goblin's Funeral" {flame, Will+}
rCold    + . .     Faith    .   (no shield)
rNeg     . . .     Spirit   .   B - +2 robe {Archmagi}
rPois    .         Reflect  .   u - +2 helmet
rElec    .         Harm     .   (no cloak)
rCorr    .         Rampage  .   E - +1 pair of gloves
Will     ++...                  (no boots)
Stlth    ++........             (no amulet)
HPRegen  0.00/turn              h - ring of protection from cold
MPRegen  0.15/turn              y - +6 ring of strength

@: mighty, non-regenerating, drained
A: damage resistance, heal wounds, clever 1, sense surroundings 1, no
regeneration
a: Heal Wounds, Renounce Religion


You were on level 7 of the Dungeon.
You worshipped Makhleb.
Makhleb was noncommittal.
You visited 2 branches of the dungeon, and saw 8 of its levels.

You collected 457 gold pieces.

Inventory:

Hand Weapons
 b - a +0 short sword of venom
 e - a +0 whip
 x - a +0 whip of venom
 C - the +11 hunting sling "Goblin's Funeral" (weapon) {flame, Will+}
   (You found it on level 4 of the Dungeon)

   It causes projectiles fired from it to burn those they strike, causing extra
   injury to most foes and up to half again as much damage against particularly
   susceptible opponents.
   It affects your willpower, your defense against some magical effects.
Missiles
 D - 43 stones (quivered ammo)
Armour
 a - a +0 robe
 f - a +0 ring mail
 u - a +2 helmet (worn)
 B - a +2 robe of the Archmagi (worn)
 E - a +1 pair of gloves (worn)
Jewellery
 h - a ring of protection from cold (left hand)
 p - a ring of resist corrosion
 r - a ring of positive energy
 s - a ring of protection from cold
 w - a ring of positive energy
 y - a +6 ring of strength (right hand)
Scrolls
 d - 4 scrolls of blinking {unknown}
 g - 3 scrolls of random uselessness
 i - 3 scrolls of magic mapping
 j - 3 scrolls of amnesia {unknown}
 l - a scroll of fear
 m - a scroll of enchant armour
 n - 2 scrolls of teleportation {unknown}
 o - 7 scrolls of identify {unknown}
 F - a scroll of immolation {unknown}
Potions
 c - 2 potions of berserk rage {unknown}
 k - a potion of heal wounds {unknown}
 t - 3 potions of curing
 v - a potion of brilliance
 z - a potion of flight
 H - 2 potions of cancellation {unknown}


   Skills:
 - Level 2.1 Dodging
 - Level 2.4 Stealth
 * Level 5.6 Spellcasting
 * Level 8.5 Necromancy


You had 14 spell levels left.
You knew the following spells:

 Your Spells              Type           Power        Failure   Level
a - Pain                  Necr           100%         1%          1
x - Vampiric Draining     Necr           28%          1%          3

Your spell library contained the following spells:

 Spells                   Type           Power        Failure   Level
 Animate Skeleton         Necr           100%         1%          1
 Animate Dead             Necr           28%          3%          4
 Agony                    Necr           56%          9%          5


Dungeon Overview and Level Annotations

Branches:
Dungeon (7/15)             Temple (1/1) D:5

Altars:
Ashenzari
Cheibriados
Elyvilon
Fedhas
Hepliaklqana
Kikubaaqudgha
Makhleb
Nemelex Xobeh
Okawaru
Qazlal
Ru
Uskayaw
Vehumet
Wu Jian
Xom
Yredelemnul
The Shining One

Annotations:
D:7 3 runed translucent doors, pigah's ghost, novice OpWn


Innate Abilities, Weirdness & Mutations

You are resistant to damage.
You can heal yourself by infusing magical energy.
You passively map a small area around you.
You do not regenerate.
Your mind is acute. (Int +2)


Message History

Aim: a wight, wielding a +3 scimitar and wearing a +0 robe (almost destroyed, 69% to hit)
You shoot a stone. The stone closely misses the wight.
The wight hits you from afar with a +5 spear.
The wight hits you with a +3 scimitar!
* * * LOW HITPOINT WARNING * * *
You feel drained.
Fire: 45 stones
Press: ? - help, Q - select action, (/) - cycle Shift-Dir - straight line, f/p - wight
Aim: a wight, wielding a +3 scimitar and wearing a +0 robe (almost destroyed, 69% to hit)
You shoot a stone. The stone closely misses the wight.
The wight hits you from afar with a +5 spear!
* * * LOW HITPOINT WARNING * * *
You feel drained. The wight completely misses you.
The wight hits you but does no damage.
Unknown command.
You feel better.
The wight hits you from afar with a +5 spear.
You see here 11 arrows.
Press: ? - help, v - describe, . - travel, g - get item
Here: a wight, wielding a +5 spear and wearing a +0 robe Item here: 11 arrows.
The floor.
Unknown command.
Okay, then.
Fire: 44 stones
Press: ? - help, Q - select action, (/) - cycle Shift-Dir - straight line, f/p - wight
Aim: a wight, wielding a +3 scimitar and wearing a +0 robe (severely damaged, 69% to hit)
You shoot a stone. The stone closely misses the wight.
The stone barely misses the wight.
The wight hits you with a +3 scimitar!
* * * LOW HITPOINT WARNING * * *
The wight hits you from afar with a +5 spear.
You feel drained.
Unknown command.
It was a potion of might.
You feel very mighty all of a sudden. The wight hits you with a +3 scimitar.
* * * LOW HITPOINT WARNING * * *
The wight hits you from afar with a +5 spear.
You die...

........# ##.## *##.#
###.##### #...# ..., #.#
#.#.# ,.., ##+## #...# ##. *
,* ##...## ##.## #.#* *
#.....## ###.# #.# .......##
##.#.# #(#####.#
........####....#####.(..$...
........'.......@zz(...(...(.
........####....#####.##.#...
.......## ##.#.#####.# ....#
#.....## ##.......##.#* ##.#
##...## ##.....##.##.# * ,#
##+## ##.......#.##.. #.#
#..........####* #.#
##.......#.# ,
##.#######.....##.#


You could see 2 wights.

Vanquished Creatures
  Duvessa (D:7)
  A sky beast (D:6)
  An ogre (D:5)
  Dowan (D:7)
  A scorpion (D:7)
  2 howler monkeys
  A hound (D:6)
  3 orc priests
  2 iguanas
  A worker ant (D:4)
  2 orc wizards
  Robin (D:4)
  3 gnolls (D:6)
  12 adders
  A white imp (D:7)
  5 worms
  A dart slug (D:1)
  5 leopard geckos
  14 orcs
  3 ball pythons
  7 bats
  4 giant cockroaches
  15 goblins
  7 hobgoblins
  11 jackals
  3 quokkas
  6 frilled lizards
  9 kobolds
  7 rats
130 creatures vanquished.

Vanquished Creatures (others)
  An ogre (D:5)
  A shadow imp (D:5)
  A giant cockroach (D:5)
3 creatures vanquished.

Grand Total: 133 creatures vanquished

Notes
Turn   | Place    | Note
-------+----------+-------------------------------------------
     0 | D:1      | dickylongcocking the Deep Dwarf Necromancer began the quest
                  | for the Orb.
     0 | D:1      | Reached XP level 1. HP: 15/15 MP: 3/3
   256 | D:1      | Reached XP level 2. HP: 11/22 MP: 0/4
   659 | D:1      | Reached skill level 5 in Necromancy
   930 | D:1      | Reached XP level 3. HP: 14/28 MP: 4/6
  1499 | D:2      | Found a radiant altar of Vehumet.
  1585 | D:2      | Found a faded altar of an unknown god.
  1838 | D:2      | Found a hide-covered altar of Uskayaw.
  1937 | D:2      | Learned a level 3 spell: Vampiric Draining
  2092 | D:2      | Reached XP level 4. HP: 36/36 MP: 5/8
  2727 | D:3      | Reached skill level 6 in Necromancy
  2727 | D:3      | Reached XP level 5. HP: 39/42 MP: 1/9
  3230 | D:3      | Found an ornate altar of the Wu Jian Council.
  3230 | D:3      | Found a snail-covered altar of Cheibriados.
  3231 | D:3      | Found a stormy altar of Qazlal.
  3233 | D:3      | Found an ancient bone altar of Kikubaaqudgha.
  3234 | D:3      | Found a broken altar of Ashenzari.
  3692 | D:4      | Noticed Robin
  3702 | D:3      | Reached XP level 6. HP: 41/49 MP: 1/11
  3794 | D:4      | Killed Robin
  4497 | D:4      | Found a blossoming altar of Fedhas.
  4623 | D:4      | Reached skill level 7 in Necromancy
  4703 | D:4      | Identified a twisted hunting sling
  4830 | D:5      | Entered Level 5 of the Dungeon
  4988 | D:5      | Found an iron altar of Okawaru.
  5139 | D:5      | Found a staircase to the Ecumenical Temple.
  5155 | Temple   | Entered the Ecumenical Temple
  5158 | Temple   | Reached XP level 7. HP: 50/55 MP: 13/13
  5184 | Temple   | Became a worshipper of Makhleb the Destroyer
  5839 | D:6      | Found a sparkling altar of Nemelex Xobeh.
  6317 | D:6      | Reached skill level 5 in Spellcasting
  6603 | D:6      | Reached skill level 8 in Necromancy
  6978 | D:7      | Found a runed translucent gate.
  6980 | D:7      | Found a runed translucent gate.
  6980 | D:7      | Identified the +6 whip "Fixizo" {distort, Will+}
  6981 | D:7      | Found a runed translucent gate.
  6981 | D:7      | Noticed pigah's ghost (novice OpWn)
  7370 | D:7      | Noticed Duvessa
  7370 | D:7      | Noticed Dowan
  7374 | D:7      | Gained mutation: Your mind is acute. (Int +2) [potion of
                  | mutation]
  7391 | D:7      | Killed Duvessa
  7396 | D:7      | Killed Dowan
  7397 | D:7      | Reached XP level 8. HP: 36/62 MP: 0/16
  7640 | D:7      | Slain by a wight

Illustrated notes

Levels and vault maps discovered:
D:1:      dpeg_arrival_arbitrary_b, layout_loops_corners, amethyst_killhole
D:2:      layout_rooms, fiery_altar_vehumet, general_overflow_altar,
          chequers_ecumenical_altar_simple
D:3:      layout_rooms, minitemple, minmay_misc_feat_rugged
D:4:      layout_loops_ring, fedhas_altar_fruit_tree, hangedman_minor_gate_pass,
          uniq_robin
D:5:      minmay_bubble_buster, layout_basic, okawaru_trees_1,
          lightli_temple_of_fire, minmay_temple_entry_proselytizer,
          lemuel_flamethrower_2
D:6:      layout_layer_cave, nicolae_overflow_crystal_walls, st_stairs_12
D:7:      layout_loops_corners, zin_scriptorium, gammafunk_ghost_nasty_kobolds,
          uniq_maggie, uniq_duvessa, uniq_prince_ribbit1
Temple:   compressed_dpeg_triangle_lava_temple

Skill      XL: |  1  2  3  4  5  6  7 |
---------------+----------------------+-----
Spellcasting   | 2 3 4 5 |  5.6
Necromancy     | 5 6 7 8 |  8.5
Dodging        | |  2.1
Stealth        | |  2.4

Action                   |  1- 3 |  4- 6 |  7- 9 || total
-------------------------+-------+-------+-------++-------
Melee: Unarmed           |    10 |       |       ||    10
       Whip              |    18 |    31 |    29 ||    78
       Short sword       |       |    80 |       ||    80
 Fire: Hunting sling     |       |       |     6 ||     6
 Cast: Pain              |    69 |    25 |    16 ||   110
       Vampiric Draining |     1 |    47 |    22 ||    70
  Use: Potion            |     4 |     1 |     6 ||    11
       Scroll            |       |       |     4 ||     4
 Stab: Sleeping          |       |       |     1 ||     1
Armor: Robe              |     1 |       |    21 ||    22
       Ring mail         |    13 |    53 |     3 ||    69
       Skin              |     5 |    71 |       ||    76
Dodge: Dodged            |    25 |    73 |    36 ||   134

Table legend: (Time is in decaauts)
 A = Elapsed time spent in this place.
 B = Non-inter-level travel time spent in this place.
 C = Inter-level travel time spent in this place.
 D = Time resting spent in this place.
 E = Time spent auto-exploring this place.
 F = Levels seen in this place.
 G = Mean time per level.
                   A        B        C        D        E       F      G
               +--------+--------+--------+--------+--------+-----+--------+
         Total |   7639 |   7201 |    438 |    620 |   5657 |   8 |  954.9 |
       Dungeon |   7591 |   7171 |    420 |    620 |   5657 |   7 | 1084.4 |
        Temple |     48 |     30 |     18 |      0 |      0 |   1 |   48.0 |
               +--------+--------+--------+--------+--------+-----+--------+

Top non-repeatable levels by time:
     D:1: 1403 daAuts
     D:6: 1402 daAuts
     D:4: 1325 daAuts
     D:3: 1249 daAuts
     D:2: 1150 daAuts
     D:7: 681 daAuts
     D:5: 376 daAuts
  Temple: 48 daAuts
